 Dungeon Crawl Stone Soup version 0.17-a0-461-g772d41b (webtiles) character file.

763 Grim the Skirmisher (level 7, -3/66 HPs)
             Began as a Ghoul Monk on Apr 5, 2015.
             Was a Believer of Cheibriados.
             Slain by a phantom (5 damage)
             ... on level 5 of the Dungeon.
             The game lasted 00:16:12 (4248 turns).

Grim the Skirmisher (Ghoul Monk)                    Turns: 4248, Time: 00:16:13

Health: -3/66      AC:  8    Str: 20    XL:     7   Next: 81%
Magic:  3/6        EV: 13    Int: 10    God:    Cheibriados [**....]
Gold:   180        SH:  0    Dex: 18    Spells: 0 memorised, 6 levels left

rFire  . . .     SeeInvis .       - Unarmed
rCold  + . .     Clarity  .     g - +1 scale mail {rN+}
rNeg   + + +     SustAb   .     (no shield)
rPois  ∞         Gourm    .     (no helmet)
rElec  .         Spirit   .     (no cloak)
rCorr  .         Warding  .     (no gloves)
rMut   .         Rnd*Tele +     (no boots)
MR     .....                    (no amulet)
Stlth  +.........               n - +1 ring of protection
                                k - ring of teleportation (curse)

@: rotting, very slow, not resistant to hostile enchantments, very unstealthy
A: rotting body, claws 1, carnivore 3, cold resistance 1, negative energy
resistance 3, slow healing 1, torment resistance, unbreathing
a: Bend Time, Renounce Religion, Evoke Teleportation


You were on level 5 of the Dungeon.
You worshipped Cheibriados.
Cheibriados was pleased with you.
You were not hungry.

You visited 2 branches of the dungeon, and saw 6 of its levels.

You collected 180 gold pieces.

Inventory:

Armour
 a - a +1 robe
 g - a +1 scale mail of positive energy (worn)
Jewellery
 k - a cursed ring of teleportation (left claw)
 n - a +1 ring of protection (right claw)
Magical devices
 f - a wand of magic darts (0)
Scrolls
 e - 2 scrolls of blinking
 i - a scroll of amnesia
 l - 5 scrolls of identify
 q - a scroll of enchant weapon
Potions
 c - a potion of poison {unknown}
 d - a potion of flight {unknown}
 j - a potion of curing
 m - a potion of beneficial mutation {!q}
 p - a potion of haste {unknown}
 r - 2 potions of berserk rage {unknown}
Comestibles
 b - 2 meat rations


   Skills:
 - Level 7.0 Fighting
 * Level 5.0 Dodging
 - Level 2.1 Stealth
 - Level 6.2 Unarmed Combat


You had 6 spell levels left.
You didn't know any spells.

Dungeon Overview and Level Annotations

Branches:
Dungeon (5/15)             Temple (1/1) D:4

Altars:
Ashenzari
Cheibriados
Dithmenos
Fedhas
Gozag
Kikubaaqudgha
Makhleb
Nemelex Xobeh
Okawaru
Qazlal
Trog
Vehumet
Xom
Yredelemnul

Annotations:
D:5 Sigmund


Innate Abilities, Weirdness & Mutations

Your body is rotting away.
You thrive on raw meat.
You are immune to poison.
You have sharp fingernails.
You are carnivorous and can eat meat at any time.
Your flesh is cold resistant.
You are immune to negative energy.
You heal slowly when monsters are visible.
You are immune to unholy pain and torment.
You can survive without breathing.


Message History

You barely miss the phantom.
The phantom is severely damaged.
The phantom hits you.
* * * LOW HITPOINT WARNING * * *
You claw the phantom!
The phantom is severely damaged.
The crimson imp blinks!
The phantom blinks!
The crimson imp blinks!
The phantom hits you!
* * * LOW HITPOINT WARNING * * *
Your scale mail prevents you from hitting the phantom.
The phantom is severely damaged.
The phantom barely misses you.
Use which ability? (? or * to list)
The flow of time bends around you.
The phantom resists with some effort.
You feel slightly more hungry. The phantom barely misses you.
You scratch the phantom but do no damage.
The phantom is severely damaged.
The phantom hits you.
You die...

####### #.....#
#.....# ### #.....#
##..##.....##
#.....[.@...#
##......W...####...
###.#.5...........
#........###.#...
#########.<.....#
..
#.....<.!.......#
..
#.............#.#
#................
#..............#..


You could see a phantom and a crimson imp.

Vanquished Creatures
  A centaur (D:3)
  2 ogres (D:4)
  A scorpion (D:4)
  A crimson imp (D:4)
  An orc priest (D:3)
  Terence (D:2)
  4 orc wizards
  An iguana (D:4)
  A hound skeleton (D:4)
  4 adders
  6 gnolls
  A shadow imp (D:4)
  4 worms
  An adder zombie (D:5)
  2 giant geckos
  2 oozes
  15 orcs
  2 ball pythons
  A bat skeleton (D:4)
  9 giant cockroaches
  9 hobgoblins
  10 bats
  2 giant newts
  8 goblins
  11 jackals
  12 kobolds
  7 quokkas
  11 rats
130 creatures vanquished.

Notes
Turn   | Place    | Note
--------------------------------------------------------------
     0 | D:1      | Grim, the Ghoul Monk, began the quest for the Orb.
     0 | D:1      | Reached XP level 1. HP: 19/19 MP: 0/0
   154 | D:1      | Reached XP level 2. HP: 20/26 MP: 1/1
   162 | D:1      | Reached skill level 5 in Unarmed Combat
   446 | D:1      | Reached XP level 3. HP: 30/30 MP: 2/2
   865 | D:2      | Reached skill level 6 in Unarmed Combat
   865 | D:2      | Reached XP level 4. HP: 28/38 MP: 3/3
  1552 | D:2      | Noticed Terence
  1560 | D:2      | Killed Terence
  1560 | D:2      | Reached XP level 5. HP: 32/46 MP: 4/4
  2000 | D:3      | Found a shadowy altar of Dithmenos.
  2022 | D:3      | Found an iron altar of Okawaru.
  2106 | D:3      | Noticed a centaur
  2113 | D:3      | Reached skill level 5 in Fighting
  2117 | D:3      | Killed a centaur
  2117 | D:3      | Reached XP level 6. HP: 37/57 MP: 5/5
  2604 | D:3      | Found a blossoming altar of Fedhas.
  3114 | D:4      | Found a staircase to the Ecumenical Temple.
  3145 | Temple   | Entered the Ecumenical Temple
  3174 | Temple   | Became a worshipper of Cheibriados the Contemplative
  3174 | Temple   | Acquired Cheibriados's first power
  3230 | D:4      | Reached skill level 7 in Fighting
  3256 | D:4      | Reached XP level 7. HP: 62/66 MP: 6/6
  3587 | D:4      | Found a bloodstained altar of Trog.
  3609 | D:4      | Found a burning altar of Makhleb.
  3610 | D:4      | Found a radiant altar of Vehumet.
  4081 | D:5      | Entered Level 5 of the Dungeon
  4205 | D:5      | Reached skill level 5 in Dodging
  4206 | D:5      | Noticed Sigmund
  4245 | D:5      | HP: 2/66 [phantom (8)]
  4248 | D:5      | Slain by a phantom

Action                   |  1- 3 |  4- 6 |  7- 9 || total
-------------------------+-------+-------+-------++-------
Melee: Unarmed           |    75 |   233 |    93 ||   401
Invok: Bend Time         |       |       |     1 ||     1
  Use: Scroll            |       |    10 |       ||    10
       Potion            |       |     2 |     1 ||     3
 Stab: Sleeping          |     3 |     1 |       ||     4
       Distracted        |       |     1 |       ||     1
  Eat: Chunk             |    13 |    34 |     7 ||    54
       Meat ration       |       |       |     1 ||     1
       Beef jerky        |       |       |     1 ||     1
